 Dungeon Crawl Stone Soup version 0.29-a0-284-gf9362112df (webtiles) character file.

Game seed: 15056202688056585883

39 holysushi the Skirmisher (level 3, -2/30 HPs)
             Began as a Demonspawn Monk on Mar 19, 2022.
             Slain by a hobgoblin (3 damage)
             ... led by Robin
             ... on level 2 of the Dungeon.
             The game lasted 00:03:11 (1200 turns).

holysushi the Skirmisher (Demonspawn Monk)          Turns: 1200, Time: 00:03:12

Health: -2/30      AC:  4    Str: 13    XL:     3   Next: 28%
Magic:  3/3        EV: 12    Int: 11    God:
Gold:   50         SH:  0    Dex: 15    Spells: 2/2 levels left

rFire   . . .      SeeInvis .   a - +0 short sword
rCold   . . .      Faith    .   (no shield)
rNeg    . . .      Spirit   .   b - +0 robe
rPois   .          Reflect  .   i - +2 hat
rElec   .          Harm     .   (no cloak)
rCorr   .          Rampage  .   (no gloves)
Will    .....                   (no boots)
Stlth   ++........              (no amulet)
HPRegen 0.10/turn               (no ring)
MPRegen 0.16/turn               (no ring)

@: no status effects
A: magic regeneration, weakness stinger 1
a: no special abilities


You were on level 2 of the Dungeon.
You visited 1 branch of the dungeon, and saw 2 of its levels.

You collected 50 gold pieces.

Inventory:

Hand Weapons
 a - a +0 short sword (weapon)
Armour
 b - a +0 robe (worn)
 i - a +2 hat (worn)
Scrolls
 e - a scroll of identify {unknown}
Potions
 c - a potion of ambrosia
 d - 3 potions of curing {unknown}
 f - a potion of heal wounds {unknown}
 g - a potion of degeneration {unknown}
 h - 2 potions of mutation {unknown}
 j - a potion of lignification {unknown}


   Skills:
 + Level 3.6 Fighting
 - Level 3.4 Short Blades
 - Level 2.6 Dodging
 - Level 1.7 Stealth


You had 2 spell levels left.
You didn't know any spells.
Your spell library contained the following spells:

 Spells                   Type           Power      Damage    Failure   Level
 Corpse Rot               Necr/Air       0%         N/A       47%         2
 Poisonous Vapours        Pois/Air       0%         N/A       47%         2
 Ignite Poison            Fire/Tmut/Pois 0%         N/A       71%         3
 Mephitic Cloud           Conj/Pois/Air  0%         N/A       71%         3
 Freezing Cloud           Conj/Ice/Air   0%         6-21      100%        5


Dungeon Overview and Level Annotations

Branches:
Dungeon (2/15)

Altars:

Annotations:
D:2 Robin


Innate Abilities, Weirdness & Mutations

You regenerate magic rapidly.
You have a small tail.


Message History

Robin freezes you.
You hit Robin but do no damage. Robin throws the goblin at you!
You hit Robin.
Your tail-slap misses Robin.
Robin is moderately wounded.
The goblin hits you with a +0 club.
You hit Robin but do no damage.
Robin is moderately wounded.
Robin roars a battlecry!
The goblins go into a battle-frenzy!
The goblin barely misses you.
You completely miss Robin.
Robin is moderately wounded.
The goblin barely misses you. x2
Robin hits you with a +2 short sword of freezing!
Robin freezes you.
The goblin unwields a +0 club.
The goblin wields a +0 hunting sling.
The goblin shoots a sling bullet.
The sling bullet hits you. The goblin attacks as you move away!
The goblin hits you but does no damage. Robin throws the goblin at you!
The goblin closely misses you.
Items here: ))) ††††.
You closely miss the goblin. You hit the goblin.
You kill the goblin!
Robin says, "My army is invincible!"
Robin throws the goblin at you! The goblin hits you with a +0 club.
Things that are here:
a +0 club; a goblin corpse You closely miss the goblin.
Your punch misses the goblin. The goblin hits you with a +0 club.
* * * LOW HITPOINT WARNING * * *
The hobgoblin hits you but does no damage.
You barely miss the goblin. You tail-slap the goblin.
The goblin is severely wounded.
The goblin hits you with a +0 club.
* * * LOW HITPOINT WARNING * * *
The hobgoblin barely misses you.
You hit the goblin.
You kill the goblin!
The hobgoblin hits you.
You die...

# #.# #.# ###### #.# #....# #.#
#....# #.#
#################....#########.#
...........gggg@)............>..
#........#####....###.....#..
#........# #....# #........
#†.......#####....# #.....##.
#..).....#........# #.....##. .
####.#####.....#### ##.#####. ..
#...# #.....# #.# #. #.# #...#
#.....# #.# ## #..###...#
#.....# #.# #.


You could see Robin, a hobgoblin (strong) and 2 goblins.

Vanquished Creatures
  An adder (D:2)
  2 ball pythons
  3 bats (D:1)
  2 giant cockroaches (D:1)
  8 goblins
  3 hobgoblins (D:2)
  3 kobolds
  A quokka (D:1)
  A frilled lizard (D:1)
  2 rats
26 creatures vanquished.

Vanquished Creatures (others)
  A fungus (D:2)
  A plant (D:2)
2 creatures vanquished.

Grand Total: 28 creatures vanquished

Notes
Turn   | Place    | Note
-------+----------+-------------------------------------------
     0 | D:1      | holysushi the Demonspawn Monk began the quest for the Orb.
     0 | D:1      | Reached XP level 1. HP: 18/18 MP: 1/1
   180 | D:1      | Gained mutation: You regenerate magic rapidly. [demonic
                  | ancestry]
   180 | D:1      | Reached XP level 2. HP: 24/24 MP: 2/2
  1028 | D:2      | Gained mutation: You have a small tail. [demonic ancestry]
  1028 | D:2      | Reached XP level 3. HP: 26/29 MP: 3/3
  1081 | D:2      | Noticed Robin
  1199 | D:2      | HP: 1/30 [goblin/+0 club[Robin] (5)]
  1200 | D:2      | Slain by a hobgoblin

Illustrated notes

Levels and vault maps discovered:
D:1:      minmay_arrival_glassed_features, layout_basic,
          minmay_misc_feat_nine_boxes, minmay_pentomino_q2
D:2:      layout_basic, basic_altar, dreamdust_ecumenical_altar_grove,
          uniq_robin

Skill      XL: |  1 |
---------------+----+-----
Short Blades   | 3 |  3.4
Fighting       | |  3.6
Dodging        | |  2.6
Stealth        | |  1.7

Action                   || total
-------------------------++-------
Melee: Short sword       ||    97
       Tailslap          ||     6
       Punch             ||     1
 Stab: Sleeping          ||     4
Armor: Robe              ||    25
Dodge: Dodged            ||    78

Table legend: (Time is in decaauts)
 A = Elapsed time spent in this place.
 B = Non-inter-level travel time spent in this place.
 C = Inter-level travel time spent in this place.
 D = Time resting spent in this place.
 E = Time spent auto-exploring this place.
 F = Levels seen in this place.
 G = Mean time per level.
                   A        B        C        D        E       F      G
               +--------+--------+--------+--------+--------+-----+--------+
         Total |   1193 |   1138 |     55 |     99 |    760 |   2 |  596.5 |
       Dungeon |   1193 |   1138 |     55 |     99 |    760 |   2 |  596.5 |
               +--------+--------+--------+--------+--------+-----+--------+

Top non-repeatable levels by time:
     D:1: 903 daAuts
     D:2: 290 daAuts
